 Dungeon Crawl Stone Soup version 0.24.0-125-gc4c63601f3 (webtiles) character file.

Game seed: 14858561892645136590, levelgen mode: deterministic

6 Adamkad1 the Vexing (level 1, 0/19 HPs)
             Began as an Ogre Arcane Marksman on Mar 13, 2020.
             Slain by a quokka (4 damage)
             ... on level 2 of the Dungeon.
             The game lasted 00:01:20 (472 turns).

Adamkad1 the Vexing (Ogre Arcane Marksman)           Turns: 472, Time: 00:01:20

Health: 0/19       AC:  3    Str: 13    XL:     1   Next: 90%
Magic:  2/2        EV: 10    Int: 14    God:
Gold:   31         SH:  0    Dex:  9    Spells: 1/2 levels left

rFire    . . .     SeeInvis .   (no weapon)
rCold    . . .     Gourm    .   (no shield)
rNeg     . . .     Faith    .   a - +0 robe
rPois    .         Spirit   .   (helmet restricted)
rElec    .         Reflect  .   (no cloak)
rCorr    .         Harm     .   (gloves unavailable)
MR       .....                  (boots unavailable)
Stlth    +.........             (no amulet)
HPRegen  0.06/turn              (no ring)
MPRegen  0.08/turn              (no ring)

@: no status effects
A: large, unfitting armour, tough skin 1
a: no special abilities


You were on level 2 of the Dungeon.
You were not hungry.

You visited 1 branch of the dungeon, and saw 2 of its levels.

You collected 31 gold pieces.

Inventory:

Missiles
 d - a throwing net (quivered)
Armour
 a - a +0 robe (worn)
Scrolls
 b - a scroll of remove curse {unknown}
Potions
 e - a potion of lignification {unknown}
 g - a potion of heal wounds {unknown}
 h - a potion of agility {unknown}
Comestibles
 f - a ration


   Skills:
 + Level 1.3 Fighting
 * Level 2.1 Throwing
 + Level 1.7 Dodging
 + Level 1.2 Spellcasting
 + Level 3.0 Hexes


You had one spell level left.
You knew the following spells:

 Your Spells              Type           Power        Failure   Level  Hunger
a - Corona                Hex            #......      8%          1    ##.....

Your spell library contained the following spells:

 Spells                   Type           Power        Failure   Level  Hunger
 Slow                     Hex            #.......     11%         2    ###....
 Inner Flame              Hex/Fire       #.......     38%         3    ####...
 Portal Projectile        Hex/Tloc       #.....       38%         3    ####...
 Cause Fear               Hex            #.........   58%         4    #####..
 Leda's Liquefaction      Hex/Erth       #.........   80%         4    #####..


Dungeon Overview and Level Annotations

Branches:
Dungeon (1/15)

Altars:
Wu Jian


Innate Abilities, Weirdness & Mutations

You are too large for most types of armour.
You have tough skin. (AC +1)


Message History

The quokka is lightly wounded.
The quokka struggles against the net. x2
You hit the quokka.
The quokka is moderately wounded.
The quokka struggles against the net.
The net rips apart, and the quokka comes free!
You hit the quokka.
The quokka is heavily wounded.
The quokka bites you.
You hit the quokka but do no damage.
The quokka is heavily wounded.
The quokka bites you.
You closely miss the quokka.
The quokka is heavily wounded.
The quokka bites you.
* * * LOW HITPOINT WARNING * * *
You barely miss the quokka.
The quokka is heavily wounded.
The quokka closely misses you. The quokka bites you.
You die...

## .. ####
#( #.. #.
#.# #
#(##.####.#
#.#......
###r#..#.##
#...@.....#
#.###'###.#
#. #.# #.#
#.###.###.##
#.+.._###..#
#.###.###..#
#. #.# #..#
#.###+###..#
#..........#


You could see a quokka.

Vanquished Creatures
  2 jackals (D:1)
  2 kobolds
  A bat (D:1)
5 creatures vanquished.

Vanquished Creatures (others)
  A rat (D:2)
1 creature vanquished.

Grand Total: 6 creatures vanquished

Notes
Turn   | Place    | Note
-------+----------+-------------------------------------------
     0 | D:1      | Adamkad1 the Ogre Arcane Marksman began the quest for the
                  | Orb.
     0 | D:1      | Reached XP level 1. HP: 19/19 MP: 2/2
    45 | D:1      | Reached skill level 3 in Hexes
   389 | D:1      | You fall into a shaft and drop 1 floor!
   449 | D:2      | Found an ornate altar of the Wu Jian Council.
   472 | D:2      | Slain by a quokka

Levels and vault maps discovered:
D:1:      roderic_crossed_star, layout_basic
D:2:      layout_loops_ring, lemuel_doored_altar, fiery_altar_vehumet,
          uniq_jessica, uniq_crazy_yiuf_cottage

Skill      XL: |  1 |
---------------+----+-----
Hexes          | 3 |  3.0
Fighting       | |  1.3
Throwing       | |  2.1
Dodging        | |  1.7
Spellcasting   | |  1.2

Action                   || total
-------------------------++-------
Melee: Unarmed           ||    36
Throw: Large rock        ||    15
       Throwing net      ||     1
 Cast: Corona            ||     2
 Stab: Held in net/web   ||     2
Armor: Robe              ||    13
Dodge: Dodged            ||    23
